 Dungeon Sprint DCSS version 0.30-a0-459-g9104f0fc43 (webtiles) character file.

Game seed: 16752212011881559822

1600000 garrulousMonolith the Axe Maniac (level 14, -61/114 HPs)
             Began as a Djinni Warper on Dec 16, 2022.
             Was a Follower of Makhleb.
             Annihilated by a meat berserker
             ... wielding a +9 battleaxe
              (71 damage)
             ... in the Dungeon (Sprint VIII: "Arena of Blood").
             The game lasted 00:00:57 (16 turns).

garrulousMonolith the Axe Maniac (Djinni Warper)      Turns: 16, Time: 00:00:58

Health: -61/114    AC:  3    Str: 10    XL:     14   Next: 11%
Gold:   0          EV: 12    Int: 16    God:    Makhleb [*.....] SH:  0 Dex: 17

rFire   + + .      SeeInvis .    h - +∞ Axe of Woe
rCold   x . .      Faith    .    (shield currently unavailable)
rNeg    . . .      Spirit   .    a - +0 leather armour
rPois   ∞          Reflect  .    (no helmet)
rElec   .          Harm     .    (no cloak)
rCorr   .          Rampage  .    (no gloves)
Will    +....      NoTele   +    (boots unavailable)
Stlth   +.........               (no amulet)
HPRegen 0.39/turn                (no ring)
MPRegen 0.00/turn                (no ring)

@: flying
A: sickness immunity, fire resistance 2, cold vulnerability 1, float, innate
caster, HP casting, extra vitality 1
a: Renounce Religion


You were in the Dungeon.
You worshipped Makhleb.
Makhleb was aware of your devotion.
You visited 1 branch

Inventory:

Hand Weapons
 h - the +∞ Axe of Woe (weapon)
   (You found it in the Dungeon)
Missiles
 c - 7 boomerangs of dispersal (quivered)
Armour
 a - a +0 leather armour (worn)
Scrolls
 b - 2 scrolls of blinking
Potions
 d - a potion of curing
 e - a potion of heal wounds
 f - a potion of haste
 g - a potion of berserk rage


   Skills:
 + Level 15.0 Fighting
 O Level 27 Axes
 - Level 0.7 Throwing
 - Level 1.0 Armour
 - Level 2.1 Dodging
 - Level 2.0 Unarmed Combat
 - Level 2.4 Spellcasting


You couldn't memorise any spells.
You knew the following spells:

 Your Spells              Type           Power      Damage    Failure   Level
a - Blink                 Tloc           18%        N/A       16%         2
b - Lesser Beckoning      Tloc           18%        N/A       30%         3
c - Vhi's Electric Charg  Tloc/Air       18%        N/A       30%         3
d - Teleport Other        Tloc           9%         N/A       30%         3
e - Manifold Assault      Tloc           9%         N/A       69%         4
f - Sting                 Tmut/Pois      36%        1d4       10%         1
g - Passwall              Tmut/Erth      7%         N/A       16%         2
h - Mephitic Cloud        Conj/Pois/Air  9%         N/A       30%         3
i - Passage of Golubria   Tloc           9%         N/A       69%         4
j - Sticky Flame          Conj/Fire      9%         2d3       69%         4
k - Yara's Violent Unrav  Hex/Tmut       4%         3d4       95%         5
Your spell library was empty.

Dungeon Overview and Level Annotations

Branches:
Dungeon (1/1)

Altars:
Makhleb


Innate Abilities, Weirdness & Mutations

You are immune to sickness and miasma.
You are immune to poison.
Your flesh is very heat resistant. (rF++)
You are vulnerable to cold. (rC-)
You float through the air rather than walking.
You learn spells naturally, not from books.
Your magical power is your life essence.
You have superior vitality. (+4 MHP)


Message History

A bag of meat comes into view. It is wielding a +9 war axe. x2
A large bag of meat comes into view. It is wielding a +9 giant spiked club.
Items here: ))) === ††.
The bag of meat appears out of thin air!
A bag of meat comes into view. It is wielding a +9 war axe.
The large bag of meat shouts in stereo!
The bag of meat shouts! x3
You hear a shout! x10
You cut the bag of meat into ribbons!!!
You slaughter the bag of meat joyfully.
You kill the bag of meat!
Makhleb accepts your kill.
A bag of meat comes into view. It is wielding a +9 war axe.
You hear a shout! x5
Your Fighting skill gained 6 levels and is now at level 15!
You have reached level 14! 5 bags of meat come into view.
The meat berserker appears out of thin air!
A meat berserker comes into view. It is wielding a +9 battleaxe.
The bag of meat shouts! x5; The meat berserker shouts!
A meat berserker comes into view. It is wielding a +9 battleaxe.
You hear a shout! x2
A bag of meat comes into view. It is wielding a +9 war axe.
You hear a shout!
A bag of meat comes into view. It is wielding a +9 war axe. x3
You hear a shout! x4
The meat berserker rages.
You hear a shout! x2
The meat berserker rages.
You hear a shout! 2 bags of meat come into view.
The bag of meat appears out of thin air!
A bag of meat comes into view. It is wielding a +9 war axe.
The bag of meat shouts! x2; You hear a shout! x13
A bag of meat comes into view. It is wielding a +9 war axe.
You hear a shout! x3
You hear a shout! x2
A bag of meat comes into view. It is wielding a +9 war axe.
You hear a shout! x4
The meat berserker hits you with a +9 battleaxe!!!
Ouch! That really hurt!
You die...

..##.##........
........o.......
...o.#.#o...o..
..o.oo.......###
....o.....Ooo....
.................
.....O...oo......
........O@o......
#.......#.......
#.o...Oo#.......
.###..o..oO###.....
......###.o........
....o.._.o..o.....o
....#..O..#.......#
. #_.<._#........
#o....#......#


You could see a large bag of meat (inner flame), 5 meat berserkers and 21 bags
of meat.

Vanquished Creatures
  An ogre (D)
  3 orcs (D)
4 creatures vanquished.

Notes
Turn   | Place    | Note
-------+----------+-------------------------------------------
     0 | D        | Found the +∞ Axe of Woe
     0 | D        | garrulousMonolith the Djinni Warper began the quest for the
                  | Orb.
     0 | D        | garrulousMonolith set off with the following spells
                  | memorised: Blink, Lesser Beckoning, Vhi's Electric Charge,
                  | Teleport Other, Manifold Assault.
     0 | D        | Reached XP level 1. HP: 18/18 MP: 0/0
     3 | D        | Noticed a bag of meat
     3 | D        | Noticed a bag of meat
     4 | D        | Became a worshipper of Makhleb the Destroyer
     5 | D        | Noticed a bag of meat
     6 | D        | Noticed a bag of meat
     7 | D        | Noticed a bag of meat
     8 | D        | Killed a bag of meat
     8 | D        | Noticed a meat berserker
     8 | D        | Noticed a bag of meat
     9 | D        | Reached skill level 21 in Axes
     9 | D        | Reached XP level 2. HP: 1/23 MP: 0/0
     9 | D        | Reached XP level 3. HP: 1/28 MP: 0/0
     9 | D        | Learned a level 1 spell: Sting
     9 | D        | Reached XP level 4. HP: 2/33 MP: 0/0
     9 | D        | Reached XP level 5. HP: 2/38 MP: 0/0
     9 | D        | Learned a level 2 spell: Passwall
     9 | D        | Reached XP level 6. HP: 2/43 MP: 0/0
     9 | D        | Reached XP level 7. HP: 3/49 MP: 0/0
     9 | D        | Learned a level 3 spell: Mephitic Cloud
     9 | D        | Reached XP level 8. HP: 3/54 MP: 0/0
     9 | D        | Reached XP level 9. HP: 3/58 MP: 0/0
     9 | D        | Learned a level 4 spell: Passage of Golubria
     9 | D        | Reached XP level 10. HP: 4/64 MP: 0/0
     9 | D        | Reached XP level 11. HP: 4/68 MP: 0/0
     9 | D        | Learned a level 4 spell: Sticky Flame
     9 | D        | Killed a bag of meat
     9 | D        | Reached * piety under Makhleb
     9 | D        | Noticed a meat berserker
     9 | D        | Noticed a bag of meat
    10 | D        | Reached skill level 24 in Axes
    10 | D        | Reached XP level 12. HP: 5/74 MP: 0/0
    10 | D        | Noticed a meat berserker
    10 | D        | Killed a meat berserker
    11 | D        | Reached skill level 27 in Axes
    11 | D        | Reached XP level 13. HP: 6/94 MP: 0/0
    11 | D        | Learned a level 5 spell: Yara's Violent Unravelling
    11 | D        | Noticed a meat berserker
    11 | D        | Noticed a bag of meat
    11 | D        | Noticed a bag of meat
    11 | D        | Noticed a large bag of meat
    12 | D        | Noticed a bag of meat
    13 | D        | Killed a bag of meat
    13 | D        | Noticed a bag of meat
    14 | D        | Reached skill level 15 in Fighting
    14 | D        | Reached XP level 14. HP: 9/114 MP: 0/0
    14 | D        | Noticed a bag of meat
    14 | D        | Noticed a bag of meat
    14 | D        | Noticed a bag of meat
    14 | D        | Noticed a bag of meat
    14 | D        | Noticed a bag of meat
    14 | D        | Noticed a meat berserker
    14 | D        | Noticed a meat berserker
    14 | D        | Noticed a bag of meat
    14 | D        | Noticed a bag of meat
    14 | D        | Noticed a bag of meat
    14 | D        | Noticed a bag of meat
    15 | D        | Noticed a bag of meat
    15 | D        | Noticed a bag of meat
    15 | D        | Noticed a bag of meat
    16 | D        | Noticed a bag of meat
    16 | D        | Noticed a bag of meat
    16 | D        | Annihilated by a meat berserker

Illustrated notes

Levels and vault maps discovered:
D:        meatsprint

Skill      XL: |  1  2  3  4  5  6  7  8  9 10 11 12 13 |
---------------+----------------------------------------+-----
Axes           | 21 24 27 | 27.0
Fighting       | 9 15 | 15.0
Throwing       | |  0.7
Armour         | |  1.0
Dodging        | |  2.1
Unarmed Combat | |  2.0
Spellcasting   | |  2.4

Action                   |  1- 3 |  4- 6 |  7- 9 | 10-12 | 13-15 || total
-------------------------+-------+-------+-------+-------+-------++-------
Melee: Executioner's axe |     1 |       |       |     2 |     1 ||     4

Table legend: (Time is in decaauts)
 A = Elapsed time spent in this place.
 B = Non-inter-level travel time spent in this place.
 C = Inter-level travel time spent in this place.
 D = Time resting spent in this place.
 E = Time spent auto-exploring this place.
 F = Levels seen in this place.
 G = Mean time per level.
                   A        B        C        D        E       F      G
               +--------+--------+--------+--------+--------+-----+--------+
         Total |     15 |     15 |      0 |      0 |      0 |   1 |   15.0 |
       Dungeon |     15 |     15 |      0 |      0 |      0 |   1 |   15.0 |
               +--------+--------+--------+--------+--------+-----+--------+

Top non-repeatable levels by time:
       D: 15 daAuts
